 Dungeon Crawl Stone Soup version 0.30.0-18-gc0e69614cb (webtiles) character file.

Game seed: 5781563668865105398

1330 Strat the Slicer (level 8, -3/50 HPs)
             Began as a Kobold Brigand on May 25, 2023.
             Was an Elder of Uskayaw.
             Slain by a killer bee (4 damage)
             ... on level 6 of the Dungeon.
             The game lasted 00:09:30 (5134 turns).

Strat the Slicer (Kobold Brigand)                   Turns: 5134, Time: 00:09:31

Health: -3/50      AC:  4    Str:  9    XL:     8   Next: 91%
Magic:  8/8        EV: 17    Int: 12    God:    Uskayaw [****..]
Gold:   304        SH:  0    Dex: 18    Spells: 7/7 levels left

rFire   + . .        b - +1 short sword (speed)
rCold   . . .        (no shield)
rNeg    + . .        h - +0 robe
rPois   .            (no helmet)
rElec   .            c - +1 cloak
rCorr   .            (no gloves)
SInv    .            (no boots)
Will    .....        (no amulet)
Stlth   +++++        i - ring of protection from fire
HPRegen 0.28/turn    q - ring of positive energy
MPRegen 0.11/turn

%: no passive effects
@: mighty, lethally poisoned (-3 -> -6)
A: small, no large weapons, nightstalker 3
a: Renounce Religion, Stomp, Line Pass


You were on level 6 of the Dungeon.
You worshipped Uskayaw.
Uskayaw was noncommittal.
You visited 2 branches of the dungeon, and saw 7 of its levels.
You also visited: Sewer.

You collected 304 gold pieces.

Inventory:

Hand Weapons
 a - a +3 dagger of flaming
 b - a +1 short sword of speed (weapon)
Missiles
 d - 9 poisoned darts (quivered)
 e - 3 curare-tipped darts
Armour
 c - a +1 cloak (worn)
 h - a +0 robe (worn)
Jewellery
 i - a ring of protection from fire (left hand)
 j - a ring of see invisible
 q - a ring of positive energy (right hand)
 t - an amulet of faith
 u - a +6 ring of intelligence
Wands
 x - a wand of roots (8)
Scrolls
 r - a scroll of enchant weapon {unknown}
 s - a scroll of enchant armour
 v - 3 scrolls of identify
Potions
 k - 3 potions of attraction
 l - a potion of cancellation
 m - a potion of experience {unknown}
 n - 2 potions of flight
 o - a potion of berserk rage {unknown}
 p - 2 potions of might
 z - a potion of lignification {unknown}


   Skills:
 + Level 5.4 Fighting
 * Level 8.8 Short Blades
 - Level 2.1 Throwing
 + Level 5.4 Dodging
 + Level 8.4 Stealth


You had 7 spell levels left.
You didn't know any spells.
Your spell library contained the following spells:

 Spells                   Type           Power      Damage    Failure   Level
 Summon Small Mammal      Summ           0%         N/A       32%         1
 Cigotuvi's Dreadful Rot  Necr/Pois/Air  0%         N/A       45%         2
 Call Canine Familiar     Summ           0%         N/A       69%         3
 Summon Guardian Golem    Hex/Summ       0%         N/A       69%         3
 Dispel Undead            Necr           0%         3d6       97%         4
 Death Channel            Necr           0%         N/A       100%        6


Dungeon Overview and Level Annotations

Branches:
Dungeon (6/15)             Temple (1/1) D:5           Sewer (visited)

Altars:
Ashenzari
Cheibriados
Dithmenos
Fedhas
Gozag
Kikubaaqudgha
Nemelex Xobeh
Okawaru
Qazlal
Ru
Trog
Uskayaw
Wu Jian
Xom
Yredelemnul
Zin
The Shining One

Shops:
D:3 *


Innate Abilities, Weirdness & Mutations

You are small and have problems with some larger weapons.
You are completely attuned to the shadows.


Message History

You hit the killer bee.
The killer bee is lightly wounded.
The killer bee closely misses you. The killer bee stings you.
* * * LOW HITPOINT WARNING * * *
You miss the killer bee.
The killer bee is lightly wounded.
You hit the killer bee.
The killer bee is moderately wounded.
The killer bee barely misses you. x2
Uskayaw will force your foes to helplessly watch your dance.
Uskayaw prepares the audience for your solo!
The helpless killer bee fails to defend itself.
You perforate the killer bee like a sieve!!!
You kill the killer bee!
You miss the killer bee.
The killer bee is no longer paralysed.
The killer bee stings you.
* * * LOW HITPOINT WARNING * * *
You are poisoned.
The killer bee poisons you! The killer bee barely misses you.
Unknown command.
You miss the killer bee.
You feel sick.
You closely miss the killer bee.
You feel sick. The killer bee misses you.
The killer bee stings you but does no damage.
You completely miss the killer bee. The killer bee stings you!
* * * LOW HITPOINT WARNING * * *
The killer bee closely misses you.
You hit the killer bee.
You punch the killer bee, but do no damage.
The killer bee is heavily wounded.
You feel sick. The killer bee stings you.
* * * LOW HITPOINT WARNING * * *
The killer bee closely misses you.
Uskayaw will force your foes to share their pain.
Uskayaw links your audience in an emotional bond!
It was a potion of might.
You feel very mighty all of a sudden.
* * * LOW HITPOINT WARNING * * *
You feel sick. The killer bee misses you. The killer bee completely misses you.
The killer bee barely misses you. The killer bee stings you.
You die...

###...# ##...###
#....... #.......
#....... #.......
#.....#############
###y####.....##.)..
#.@y..##......#....
#......).......'....
#.............##....
#......##.....######
#......##.....##....
.......#...........
......+...........
#...........
#.....######


You could see 2 killer bees.

Vanquished Creatures
  2 wyverns
  A black bear (D:5)
  3 phantoms
  A scorpion (D:4)
  2 killer bees (D:6)
  5 hounds
  A sleepcap (D:5)
  3 iguanas
  A hell rat (Sewer)
  A mummy (D:5)
  2 gnolls
  11 adders
  A river rat (Sewer)
  A white imp (D:6)
  A worm (D:4)
  5 dart slugs
  9 orcs
  12 ball pythons
  4 bats
  16 endoplasms
  6 giant cockroaches
  8 hobgoblins
  7 jackals (D:1)
  3 quokkas
  4 frilled lizards
  9 goblins
  4 kobolds
  2 kobold zombies (D:5)
  2 orc zombies (D:5)
  12 rats
139 creatures vanquished.

Notes
Turn   | Place    | Note
-------+----------+-------------------------------------------
     0 | D:1      | Strat the Kobold Brigand began the quest for the Orb.
     0 | D:1      | Reached XP level 1. HP: 12/12 MP: 1/1
     1 | D:1      | Found a runed translucent door.
   110 | D:1      | Reached XP level 2. HP: 18/18 MP: 2/2
   272 | D:1      | Reached XP level 3. HP: 22/22 MP: 3/3
   973 | D:1      | Reached XP level 4. HP: 27/27 MP: 4/4
  1312 | D:2      | Reached XP level 5. HP: 32/32 MP: 5/5
  1891 | D:3      | Found Quohas's Assorted Antiques.
  2269 | D:3      | Reached skill level 5 in Short Blades
  2795 | D:4      | Reached XP level 6. HP: 36/37 MP: 6/6
  2891 | D:4      | Found a glowing drain.
  2914 | Sewer    | Entered a sewer
  3028 | D:4      | Reached XP level 7. HP: 40/42 MP: 7/7
  3270 | D:4      | Noticed a wyvern
  3274 | D:4      | Killed a wyvern
  3693 | D:5      | Entered Level 5 of the Dungeon
  3956 | D:5      | Reached XP level 8. HP: 48/48 MP: 8/8
  4374 | D:5      | Found a staircase to the Ecumenical Temple.
  4423 | Temple   | Entered the Ecumenical Temple
  4609 | Temple   | Became a worshipper of Uskayaw the Reveller
  4803 | D:6      | Noticed a wyvern
  4823 | D:5      | Reached * piety under Uskayaw
  4825 | D:5      | Reached ** piety under Uskayaw
  4833 | D:5      | Reached *** piety under Uskayaw
  4834 | D:5      | Killed a wyvern
  4838 | D:5      | Reached **** piety under Uskayaw
  4845 | D:5      | Reached skill level 5 in Fighting
  4846 | D:5      | Reached ***** piety under Uskayaw
  4859 | D:5      | Reached skill level 5 in Dodging
  5133 | D:6      | HP: 2/50 [killer bee (6)]
  5134 | D:6      | Slain by a killer bee

Illustrated notes

Levels and vault maps discovered:
D:1:      dpeg_arrival_caged_fury, layout_basic, serial_forest,
          infiniplex_forest_end_2, infiniplex_forest_straight_4,
          infiniplex_forest_end_double, infiniplex_forest_corner_1,
          infiniplex_forest_lined_3_way, infiniplex_forest_corner_1
D:2:      layout_basic, minmay_split_cup_small
D:3:      layout_basic, serial_shops, nicolae_diamond_shop
D:4:      layout_rooms, cheibrodos_sewer_entry_sluice
D:5:      layout_cave_pools, minmay_temple_entry_nine_rooms,
          hangedman_abyss_or_decor_slice, minmay_holes,
          nicolae_concentric_dashed_squares_wild, minmay_mini_ossuary
D:6:      layout_gridville, grunt_temple_overflow_lords_of_destruction
Temple:   bh_familiar_temple

Skill      XL: |  1  2  3  4  5  6  7  8 |
---------------+-------------------------+-----
Short Blades   | 3 4 5 6 7 8 |  8.8
Dodging        | 2 3 4 5 |  5.4
Fighting       | 3 4 5 |  5.4
Stealth        | 6 7 8 |  8.4
Throwing       | |  2.1

Action                     |  1- 3 |  4- 6 |  7- 9 || total
---------------------------+-------+-------+-------++-------
  Melee: Dagger            |    77 |       |       ||    77
         Short sword       |     4 |   167 |   215 ||   386
         Punch             |       |     3 |     4 ||     7
  Evoke: Wand              |       |       |     1 ||     1
    Use: Scroll            |       |     5 |     6 ||    11
         Potion            |       |       |     7 ||     7
   Stab: Sleeping          |    16 |    33 |     7 ||    56
         Distracted        |     1 |       |       ||     1
         Paralysed         |       |       |     2 ||     2
 Armour: Robe              |    12 |     5 |    21 ||    38
  Dodge: Dodged            |    48 |    69 |   147 ||   264
